 Dungeon Crawl Stone Soup version 0.23.1 (webtiles) character file.

Game seed: 16256711738413596469

7913 nikopol the Spear-Bearer (level 11, -1/145 HPs)
             Began as a Minotaur Berserker on Mar 6, 2019.
             Was a High Priest of Trog.
             Slain by a komodo dragon (5 damage)
             ... on level 8 of the Dungeon.
             The game lasted 00:19:37 (8584 turns).

nikopol the Spear-Bearer (Minotaur Berserker)       Turns: 8584, Time: 00:19:38

Health: -1/145     AC: 11    Str: 30    XL:     11   Next: 3%
Magic:  10/10      EV: 14    Int:  4    God:    Trog [*****.]
Gold:   478        SH:  0    Dex: 10    Spells: 10/10 levels left

rFire    . . .     SeeInvis +   a - +0 trident (protect)
rCold    . . .     Gourm    .   (no shield)
rNeg     . . .     Faith    .   k - +0 ring mail (curse)
rPois    .         Spirit   .   (helmet restricted)
rElec    .         Reflect  .   t - +0 cloak
rCorr    .         Harm     .   (no gloves)
MR       .....                  (no boots)
Stlth    ..........             (no amulet)
HPRegen  0.34/turn              i - ring of see invisible
MPRegen  0.12/turn              (no ring)

@: berserking, corroded, protection aura, very quick
A: retaliatory headbutt, horns 2
a: Berserk, Trog's Hand, Brothers in Arms, Renounce Religion


You were on level 8 of the Dungeon.
You worshipped Trog.
Trog was extremely pleased with you.
You were hungry.

You visited 1 branch of the dungeon, and saw 8 of its levels.

You collected 478 gold pieces.

Inventory:

Hand Weapons
 a - a +0 trident of protection (weapon)
 x - a +0 spear
 z - a +0 shortbow
Missiles
 l - 62 bolts
 m - 215 arrows
Armour
 b - a +0 animal skin
 k - a cursed +0 ring mail (worn)
 t - a +0 cloak (worn)
Jewellery
 i - a ring of see invisible (left hand)
 E - a +5 ring of strength {unknown}
Wands
 r - a wand of polymorph (12)
 y - a wand of iceblast (8)
 B - a wand of digging (6)
 C - a wand of paralysis (10)
Scrolls
 e - 5 scrolls of remove curse {unknown}
 f - 4 scrolls of fog {unknown}
 h - 14 scrolls of identify {unknown}
 j - 4 scrolls of teleportation {unknown}
 p - 2 scrolls of noise {unknown}
 q - 7 scrolls of blinking {unknown}
 s - 3 scrolls of amnesia {unknown}
 w - 2 scrolls of random uselessness {unknown}
 D - a scroll of enchant weapon {unknown}
 F - a scroll of magic mapping {unknown}
 G - a scroll of fear {unknown}
Potions
 d - a potion of resistance {unknown}
 g - 2 potions of flight {unknown}
 n - 5 potions of heal wounds {unknown}
 o - 7 potions of curing {unknown}
 u - a potion of magic {unknown}
 v - a potion of ambrosia {unknown}
 A - a potion of brilliance {unknown}
Comestibles
 c - 4 rations
 H - 10 chunks of flesh


   Skills:
 + Level 9.5 Fighting
 * Level 12.9 Polearms
 * Level 5.4 Bows
 + Level 9.2 Armour
 + Level 6.4 Dodging
 + Level 2.4 Stealth


You had 10 spell levels left.
You didn't know any spells.
Your spell library was empty.

Dungeon Overview and Level Annotations

Branches:
Dungeon (8/15)             Temple (0/1) D:7
   Lair: D:8-11

Altars:
Ashenzari
Dithmenos
Fedhas
Gozag
Hepliaklqana
Kikubaaqudgha
Makhleb
Qazlal
Trog
Wu Jian
Yredelemnul
Zin
The Shining One


Innate Abilities, Weirdness & Mutations

You reflexively headbutt those who attack you in melee.
You have a pair of horns on your head.


Message History

Aim: a komodo dragon (lightly wounded)
You reach to attack!
You hit the komodo dragon but do no damage.
The komodo dragon is lightly wounded.
You hit the komodo dragon but do no damage.
The komodo dragon is lightly wounded.
The komodo dragon bites you!
* * * LOW HITPOINT WARNING * * *
You hit the komodo dragon but do no damage.
Your headbutt misses the komodo dragon.
The komodo dragon is lightly wounded.
You puncture the komodo dragon!
The komodo dragon is lightly wounded.
The komodo dragon bites you!!
* * * LOW HITPOINT WARNING * * *
A red film seems to cover your vision as you go berserk!
You feel yourself moving faster!
You feel mighty!
You are feeling hungry.
The komodo dragon bites you.
You die...

#.........########
#...........
##........#
#.........##
#........#
######......
#........# #......
#......>.# #......
########## #...... ###
########## #####.#####
..# .#
##(..@l÷...###.#.#
#####
##....###.........###.
.##.## ####..##.#
###..........#
.....###...######
##.###..!.../
#.###..÷#### ###
#...... ### ####.#
#..... ### .###. #


You could see a komodo dragon.

Vanquished Creatures
  Harold (D:7)
  3 centaur warriors (D:8)
  A two-headed ogre (D:8)
  Joseph (D:7)
  2 komodo dragons (D:8)
  A kobold demonologist (D:8)
  A wyvern (D:8)
  2 acid dragons (D:8)
  2 ice beasts
  4 orc warriors (D:8)
  A phantom (D:6)
  4 centaurs
  4 ogres
  A bullfrog (D:8)
  2 scorpions
  5 killer bees (D:7)
  A water moccasin skeleton (D:7)
  4 wights (D:6)
  An electric eel (D:8)
  7 crimson imps
  A jelly (D:7)
  7 hounds
  3 orc priests
  3 orc wizards
  Crazy Yiuf (D:2)
  3 bullfrog skeletons
  2 iguanas
  Ijyb (D:5)
  Natasha (D:2)
  5 worker ants
  2 hound skeletons
  A worker ant zombie (D:6)
  Robin (D:2)
  10 adders
  A shadow imp (D:6)
  3 oozes
  3 worms
  2 dart slugs
  5 leopard geckos
  41 orcs
  3 ball pythons
  7 giant cockroaches
  14 goblins
  7 hobgoblins
  12 jackals
  4 quokkas
  6 bats
  5 frilled lizards
  2 jackal zombies (D:5)
  11 kobolds
  6 rats
221 creatures vanquished.

Vanquished Creatures (others)
  A giant cockroach (D:3)
  A plant (D:8)
2 creatures vanquished.

Grand Total: 223 creatures vanquished

Notes
Turn   | Place    | Note
-------+----------+-------------------------------------------
     0 | D:1      | nikopol the Minotaur Berserker began the quest for the Orb.
     0 | D:1      | Reached XP level 1. HP: 19/19 MP: 0/0
    49 | D:1      | Reached skill level 4 in Polearms
    55 | D:1      | Reached XP level 2. HP: 27/27 MP: 1/1
   341 | D:1      | Reached XP level 3. HP: 29/34 MP: 2/2
   584 | D:2      | Noticed Robin
   603 | D:2      | Killed Robin
   603 | D:2      | Reached ** piety under Trog
   642 | D:2      | Reached XP level 4. HP: 36/41 MP: 3/3
   651 | D:2      | Found an ornate altar of the Wu Jian Council.
  1420 | D:2      | Found a burning altar of Makhleb.
  1422 | D:2      | Found a glowing silver altar of Zin.
  1422 | D:2      | Noticed a blizzard demon
  1422 | D:2      | Noticed an angel
  1591 | D:2      | Found a runed translucent door.
  1592 | D:2      | Noticed Crazy Yiuf
  1767 | D:2      | Killed Crazy Yiuf
  1767 | D:2      | Reached skill level 5 in Polearms
  1812 | D:3      | Found an opulent altar of Gozag.
  1812 | D:3      | Found a basalt altar of Yredelemnul.
  1812 | D:3      | Noticed Natasha
  1826 | D:2      | Reached XP level 5. HP: 44/47 MP: 4/4
  1879 | D:2      | Killed Natasha
  2131 | D:2      | Reached skill level 5 in Fighting
  2232 | D:3      | Reached *** piety under Trog
  2473 | D:3      | Found a shadowy altar of Dithmenos.
  2988 | D:3      | Found a bloodstained altar of Trog.
  3097 | D:3      | Found a glowing golden altar of the Shining One.
  3099 | D:3      | Found a hazy altar of Hepliaklqana.
  3375 | D:4      | Reached XP level 6. HP: 56/56 MP: 5/5
  3467 | D:4      | Reached skill level 6 in Polearms
  3566 | D:4      | You fall through a shaft!
  3566 | D:5      | Entered Level 5 of the Dungeon
  3577 | D:5      | Reached skill level 5 in Armour
  3609 | D:5      | Reached XP level 7. HP: 26/61 MP: 6/6
  3815 | D:5      | Reached skill level 7 in Polearms
  3825 | D:5      | Noticed Ijyb
  3828 | D:5      | Killed Ijyb
  3979 | D:5      | Found a blossoming altar of Fedhas.
  3989 | D:5      | Reached **** piety under Trog
  4072 | D:5      | You fall through a shaft for 2 floors!
  4072 | D:7      | Found a stormy altar of Qazlal.
  4160 | D:8      | Noticed a two-headed ogre
  4192 | D:8      | Found an ancient bone altar of Kikubaaqudgha.
  4359 | D:7      | Noticed Joseph
  4370 | D:7      | Killed Joseph
  4370 | D:7      | Reached skill level 8 in Polearms
  4370 | D:7      | Reached XP level 8. HP: 70/70 MP: 7/7
  4791 | D:5      | Reached skill level 1 in Stealth
  4828 | D:5      | Reached skill level 9 in Polearms
  5007 | D:6      | Found a shattered altar of Ashenzari.
  5022 | D:6      | Reached skill level 5 in Dodging
  5494 | D:7      | Reached skill level 10 in Polearms
  5494 | D:7      | Reached XP level 9. HP: 77/78 MP: 8/8
  5577 | D:7      | Noticed Harold
  5839 | D:7      | Killed Harold
  5839 | D:7      | Reached skill level 11 in Polearms
  5839 | D:7      | Reached skill level 1 in Bows
  5842 | D:7      | Reached ***** piety under Trog
  6067 | D:7      | Found a staircase to the Ecumenical Temple.
  6389 | D:8      | Found the +4 dagger "Morg" {pain, MR+ Int+5}
  6389 | D:8      | Noticed a kobold demonologist
  6394 | D:8      | Noticed a centaur warrior
  6403 | D:8      | Killed a centaur warrior
  6409 | D:8      | Killed a kobold demonologist
  6409 | D:8      | Reached XP level 10. HP: 87/88 MP: 9/9
  6554 | D:8      | Noticed a centaur warrior
  6579 | D:8      | Killed a centaur warrior
  6579 | D:8      | Reached skill level 12 in Polearms
  7008 | D:8      | Killed a two-headed ogre
  7369 | D:8      | Noticed a centaur warrior
  7378 | D:8      | Killed a centaur warrior
  7495 | D:8      | HP: 2/91 [acid (14)]
  8212 | D:8      | Received a gift from Trog
  8519 | D:8      | Reached skill level 5 in Bows
  8559 | D:8      | Reached XP level 11. HP: 58/97 MP: 10/10
  8583 | D:8      | HP: 2/97 [komodo dragon (25)]
  8584 | D:8      | Slain by a komodo dragon

Skill      XL: |  1  2  3  4  5  6  7  8  9 10 |
---------------+-------------------------------+-----
Polearms       | 4 5 6 8 10 11 12 | 12.9
Fighting       | 4 5 6 8 9 |  9.5
Armour         | 3 4 5 6 7 8 9 |  9.2
Dodging        | 3 4 5 6 |  6.4
Stealth        | 1 2 |  2.4
Bows           | 2 5 |  5.4

Action                   |  1- 3 |  4- 6 |  7- 9 | 10-12 || total
-------------------------+-------+-------+-------+-------++-------
Melee: Spear             |   105 |   167 |    31 |    83 ||   386
       Headbutt          |    12 |    37 |    46 |    42 ||   137
       Trident           |       |    64 |   207 |   116 ||   387
 Fire: Shortbow          |       |       |     8 |    33 ||    41
Invok: Berserk           |       |     2 |     4 |     3 ||     9
  Eat: Chunk             |       |     7 |    11 |    11 ||    29
       Ration            |       |     1 |       |       ||     1
Armor: Animal skin       |    11 |       |       |       ||    11
       Ring mail         |     7 |    56 |    59 |    27 ||   149
Dodge: Dodged            |    47 |   124 |    92 |    64 ||   327
